cohdb
Replays
Latest Replays
All Replays
Popular Replays
Top Player Replays
Match Explorer
How It Works
Community
CoH3 Stats
Reddit
Sign in to upload your games and track your stats! →
Sign in with Steam
Match 43486765
Unlisted
Match 43486765
Overview
Messages
Build Orders
End
Kradschützen Motorcycle Team
Panzergrenadier Squad
Panzergrenadier Squad
Construct Light Support Kompanie
MG34 Team
Assault Grenadier Squad
Fire Support Elements
Flakvierling Half-track
Panzerjäger Mechanized Group
Construct Mechanized Kompanie
2.5-tonne Medical Truck
Construct Mechanized Kompanie
Panzerjäger Mechanized Group
StuG III D Assault Gun
Brother
MarNissan
0
0
Comments
sign in to comment!
No comments posted yet!